 Dungeon Crawl Stone Soup version 0.31.0-4-g52a2dc7128 (webtiles) character file.

Game seed: 2608895364832964621

46 LeprechaunX the Cutter (level 3, -1/22 HPs)
             Began as a Kobold Reaver on Jan 22, 2024.
             Slain by a cerulean imp
             ... wielding a +2 spear
             ... summoned by Natasha
              (3 damage)
             ... on level 2 of the Dungeon.
             The game lasted 00:03:45 (1393 turns).

LeprechaunX the Cutter (Kobold Reaver)              Turns: 1393, Time: 00:03:45

Health: -1/22      AC:  3    Str: 11    XL:     3   Next: 92%
Magic:  5/6        EV: 14    Int: 14    God:
Gold:   63         SH:  0    Dex: 13    Spells: 5/6 levels left

rFire   . . .        a - +0 short sword
rCold   . . .        (no shield)
rNeg    . . .        b - +0 leather armour
rPois   .            (no helmet)
rElec   .            (no cloak)
rCorr   .            (no gloves)
SInv    .            (no boots)
Will    .....        (no amulet)
Stlth   +++          (no ring)
HPRegen 0.23/turn    (no ring)
MPRegen 0.10/turn

%: no passive effects
@: lethally poisoned (-1 -> -5), very slightly contaminated
A: small, no large weapons, nightstalker 3
a: no special abilities


You were on level 2 of the Dungeon.
You visited 1 branch of the dungeon, and saw 2 of its levels.

You collected 63 gold pieces.

Inventory:

Hand Weapons
 a - a +0 short sword (weapon)
Armour
 b - a +0 leather armour (worn)
Scrolls
 c - 2 scrolls of blinking {unknown}
 d - 2 scrolls of identify {unknown}
 e - a scroll of noise {unknown}
 i - a scroll of revelation {unknown}
 k - a scroll of teleportation {unknown}
Potions
 f - a potion of attraction {unknown}
 g - a potion of invisibility {unknown}
 h - a potion of heal wounds {unknown}
 j - a potion of haste {unknown}


   Skills:
 + Level 2.4 Fighting
 + Level 4.7 Short Blades
 + Level 1.1 Armour
 - Level 2.4 Dodging
 + Level 1.7 Stealth
 + Level 2.2 Spellcasting
 + Level 3.2 Conjurations


You had 5 spell levels left.
You knew the following spells:

 Your Spells              Type           Power      Damage    Failure   Level
a - Kiss of Death         Conj/Necr      24%        2d7       16%         1

Your spell library contained the following spells:

 Spells                   Type           Power      Damage    Failure   Level
 Momentum Strike          Conj/Tloc      12%        3d8       24%         2
 Call Imp                 Summ           2%         N/A       43%         2
 Sublimation of Blood     Necr           1%         N/A       43%         2
 Hailstorm                Conj/Ice       6%         3d5       43%         3
 Summon Hydra             Summ           0%         N/A       100%        7


Dungeon Overview and Level Annotations

Branches:
Dungeon (2/15)

Altars:

Annotations:
D:2 Natasha


Innate Abilities, Weirdness & Mutations

You are small and have problems with some larger weapons.
You are completely attuned to the shadows.


Message History

Natasha hisses angrily.
The adder hisses angrily.
Natasha mumbles some strange words.
Natasha mumbles some strange words.
The cerulean imp closely misses you.
The cerulean imp hits you from afar with a +2 spear.
The adder misses you.
The cerulean imp attacks as it pursues you!
The cerulean imp hits you from afar with a +2 spear!
You hit the adder.
The adder is heavily wounded.
The adder bites you. The cerulean imp closely misses you.
The cerulean imp hits you but does no damage.
You hit the adder.
The adder is severely wounded.
The adder completely misses you.
The cerulean imp hits you but does no damage.
The cerulean imp hits you from afar with a +0 spear.
* * * LOW HITPOINT WARNING * * *
You closely miss the adder.
The adder is severely wounded.
Natasha growls.
Natasha mumbles some strange words.
The adder bites you.
* * * LOW HITPOINT WARNING * * *
You are lethally poisoned!
The adder poisons you!
Unknown command.
Okay, then.
Casting: Kiss of Death (safe; 16% risk of failure)
Confirm with . or Enter, or press ? or * to list all spells.
Aiming: Kiss of Death (safe; 16% risk of failure)
Press: ? - help, Shift-Dir - straight line, f - adder
Aim: an adder (severely wounded, 100% to hit)
You miscast Kiss of Death.
You are very lightly contaminated with residual magic.
Nothing appears to happen.
* * * LOW HITPOINT WARNING * * *
You feel sick.
The cerulean imp hits you from afar with a +2 spear.
You die...

.....†#
......#
......#
......#
......#
......#
......#
###...#
##.@#
##S##
##h55##
#.5S..##
#.......#
.
#.......#
.
#......^#
.
##.....##
. .......


You could see Natasha, 3 cerulean imps and 2 adders.

Vanquished Creatures
  2 adders
  A dart slug (D:2)
  4 ball pythons
  3 endoplasms
  A giant cockroach (D:1)
  3 goblins (D:1)
  3 hobgoblins (D:1)
  A quokka (D:1)
  2 bats (D:1)
  A frilled lizard (D:2)
  2 kobolds
  3 rats
26 creatures vanquished.

Notes
Turn   | Place    | Note
-------+----------+-------------------------------------------
     0 | D:1      | LeprechaunX the Kobold Reaver began the quest for the Orb.
     0 | D:1      | Reached XP level 1. HP: 12/12 MP: 3/3
   178 | D:1      | Reached XP level 2. HP: 18/18 MP: 5/5
   565 | D:1      | Reached skill level 1 in Stealth
  1044 | D:1      | Reached XP level 3. HP: 11/22 MP: 6/6
  1195 | D:2      | Reached skill level 1 in Armour
  1383 | D:2      | Noticed Natasha
  1393 | D:2      | Slain by a cerulean imp

Illustrated notes

Levels and vault maps discovered:
D:1:      lightli_arrival_statuegarden, layout_loops_ring, serial_forest,
          infiniplex_forest_side_room, infiniplex_forest_lined_ring,
          infiniplex_forest_clump_diagonal, infiniplex_forest_straight_4,
          infiniplex_forest_clump_medium, infiniplex_forest_zigzag_1,
          infiniplex_forest_corner_1, infiniplex_forest_straight_2,
          minmay_unequal
D:2:      layout_rooms, grunt_decor_junction, guppyfry_early_lair_pool,
          uniq_natasha

Skill      XL: |  1  2  3 |
---------------+----------+-----
Stealth        | 1 |  1.7
Armour         | 1 |  1.1
Fighting       | |  2.4
Short Blades   | |  4.7
Dodging        | |  2.4
Spellcasting   | |  2.2
Conjurations   | |  3.2

Action                     || total
---------------------------++-------
  Melee: Short sword       ||   100
   Cast: Kiss of Death     ||     1
   Stab: Sleeping          ||    11
 Armour: Leather armour    ||    33
  Dodge: Dodged            ||    50
